Map: Blackrock LE

Players

Halo - Winner!

  • Race: Zerg Zerg

A.I. 1 (Harder)

  • Race: Terran Terran

VOD

Have the link to the VOD?

Description

Time

  • Played on: Aug. 5, 2026, 1:14 p.m.
  • Length: 11:31
Show
View Real Time Build Order
Export as new Build Order

Halo Zerg - Winner!

Build Orders: Hatch First 

Get SALT Encoding   

  8  0:00  Drone  
  9  0:10  Drone  
  10  0:16  Drone  
  11  0:21  Drone  
  11  0:28  Extractor  
  11  0:30  Drone  
  13  0:40  Overlord  
  13  0:58  Drone x2  
  15  1:13  Hatchery  
  15  1:17  Drone  
  15  1:21  Drone  
  16  1:38  Spawning Pool  
  15  1:42  Extractor, Drone  
  15  1:46  Drone  
  16  1:49  Drone  
  16  1:53  Drone  
  18  2:02  Drone  
  19  2:12  Overlord  
  19  2:22  Drone  
  20  2:28  Queen  
  22  2:30  Queen  
  22  2:32  Drone  
  25  2:38  Zergling x2  
  25  2:39  Zergling x2  
  27  2:46  Metabolic Boost  
  27  2:49  Drone  
  28  2:55  Overlord  
  28  3:11  Drone x2  
  28  3:12  Drone  
  31  3:22  Hatchery  
  30  3:39  Queen  
  30  3:40  Queen  
  34  3:45  Overlord  
  34  3:49  Drone  
  34  3:51  Drone  
  34  3:55  Drone x2  
  38  4:00  Overlord  
  38  4:03  Drone  
  39  4:16  Drone x5  
  44  4:22  Drone x3  
  47  4:25  Drone  
  48  4:38  Extractor, Drone x3  
  50  4:39  Baneling Nest  
  50  4:42  Overlord  
  50  4:43  Overlord  
  50  4:44  Zergling x2  
  50  4:46  Zergling x2  
  50  4:48  Zergling x2  
  52  5:05  Zergling x14  
  52  5:06  Zergling x2  
  60  5:24  Drone  
  60  5:25  Drone x7  
  60  5:27  Overlord x3  
  68  5:52  Drone  
  68  5:53  Drone x6  
  68  5:56  Overlord x2  
  75  5:57  Zergling x2  
  75  5:58  Zergling x10  
  81  6:17  Zergling x2  
  81  6:18  Zergling x12  
  80  6:28  Zergling x18  
  82  6:40  Overlord x3  
  82  6:46  Lair  
  82  6:47  Drone x2, Evolution Chamber  
  83  6:48  Evolution Chamber, Zergling x2  
  83  7:08  Queen  
  85  7:10  Zergling x24  
  97  7:37  Drone x4  
  99  7:39  Hatchery, Zerg Melee Weapons Level 1  
  99  7:41  Hatchery  
  99  7:46  Hatchery  
  99  7:48  Zerg Ground Armor Level 1  
  98  7:52  Centrifugal Hooks  
  98  7:56  Hatchery  
  97  8:27  Extractor  
  97  8:28  Overlord  
  97  8:29  Overlord x3  
  97  8:31  Zergling x2  
  97  8:32  Zergling x30  
  112  8:34  Baneling  
  112  8:35  Baneling x17  
  112  8:41  Overlord x3  
  112  8:42  Zergling x2  
  112  8:43  Zergling x10  
  118  8:51  Drone x3  
  118  8:52  Drone  
  118  8:54  Drone  
  123  9:11  Queen x2  
  123  9:13  Drone  
  123  9:14  Drone x9  
  123  9:15  Drone x3  
  140  9:22  Extractor  
  140  9:24  Drone x3  
  140  9:25  Drone  
  143  9:37  Infestation Pit  
  143  9:38  Hydralisk Den  
  141  9:40  Drone  
  141  9:41  Drone  
  143  10:01  Drone x3  
  143  10:02  Drone x4  
  150  10:07  Hydralisk x14  
  150  10:08  Hydralisk x2  
  150  10:10  Zergling x22  
  183  10:25  Zergling x34  
  198  10:52  Zergling x4  
  190  11:13  Zergling x2  
  190  11:14  Zergling x18  
Show
View Real Time Build Order
Export as new Build Order

A.I. 1 (Harder) Terran 

Build Orders:  

Get SALT Encoding   

  8  0:00  SCV  
  9  0:13  SCV  
  10  0:25  SCV  
  11  0:37  SCV  
  12  0:46  Supply Depot  
  12  0:49  SCV  
  13  1:08  SCV  
  14  1:13  Barracks  
  14  1:19  Refinery  
  14  1:20  SCV  
  15  1:32  SCV  
  16  1:44  SCV  
  17  1:56  Supply Depot, SCV  
  17  1:59  Marine  
  19  2:08  SCV  
  19  2:13  Barracks  
  20  2:17  Marine  
  20  2:21  Refinery, Orbital Command  
  21  2:35  Barracks Tech Lab  
  21  2:40  Supply Depot  
  21  2:47  SCV  
  22  2:53  Marine  
  23  3:00  Marine  
  24  3:12  Marauder  
  26  3:18  Marine  
  26  3:19  Supply Depot  
  27  3:32  Marine  
  28  3:35  Marine  
  29  3:46  Supply Depot  
  29  3:50  Marine  
  29  3:53  Marine  
  31  4:01  SCV  
  32  4:09  Marauder  
  34  4:11  Marine  
  34  4:13  SCV  
  34  4:14  Engineering Bay  
  36  4:25  SCV  
  36  4:30  Marauder  
  39  4:33  Supply Depot  
  39  4:38  SCV  
  40  4:50  SCV  
  40  4:51  Marauder  
  43  5:02  SCV  
  44  5:13  Marauder  
  46  5:14  SCV  
  47  5:34  Marauder  
  49  5:37  Barracks Tech Lab  
  49  5:38  Stimpack  
  49  5:40  Factory  
  49  5:44  Factory  
  49  5:47  Supply Depot, Command Center  
  49  5:56  Marauder  
  51  6:06  Combat Shield  
  51  6:15  Terran Infantry Weapons Level 1  
  51  6:21  Marine  
  51  6:23  Factory Tech Lab  
  52  6:27  Starport  
  52  6:29  Marine, Starport, Factory Tech Lab  
  37  6:39  Marine  
  33  6:46  Marine  
  34  6:51  Siege Tank  
  38  6:58  Marauder  
  40  7:02  SCV  
  40  7:04  SCV  
  40  7:05  Marine  
  43  7:10  Refinery, Starport Tech Lab x2  
  43  7:13  Widow Mine  
  43  7:15  SCV  
  46  7:16  SCV  
  46  7:18  Concussive Shells  
  46  7:19  Marine  
  47  7:27  SCV, Marauder  
  47  7:28  SCV  
  47  7:29  Refinery  
  51  7:34  Siege Tank  
  54  7:39  SCV  
  54  7:40  SCV  
  54  7:41  Marine  
  57  7:48  Siege Tank  
  57  7:51  SCV  
  61  7:52  SCV  
  61  7:55  Marine  
  65  7:58  Raven  
  65  8:02  Marine  
  65  8:03  SCV  
  65  8:04  Raven  
  69  8:09  Supply Depot, Terran Infantry Armor Level 1  
  69  8:10  SCV  
  70  8:13  Marine  
  70  8:15  SCV  
  72  8:20  Marine  
  72  8:21  Missile Turret  
  72  8:22  SCV  
  72  8:24  Widow Mine  
  76  8:27  SCV  
  76  8:28  Missile Turret  
  76  8:31  Marine  
  78  8:34  SCV  
  78  8:35  Missile Turret  
  78  8:39  SCV  
  80  8:42  Missile Turret  
  80  8:47  SCV  
  80  8:48  Supply Depot  
  81  8:51  SCV  
  82  8:57  Bunker  
  82  8:59  SCV  
  83  9:03  Sensor Tower, SCV  
  84  9:10  Bunker  
  84  9:11  SCV  
  84  9:14  Armory  
  85  9:23  Barracks  
  85  10:06  Hellion, Medivac x2  
  91  10:07  Factory  
  91  10:08  Supply Depot  
  91  10:10  Hellion  
  91  10:11  Starport, Barracks Reactor  
  92  10:17  Marine x2  
  59  10:27  Hellion  
  54  10:31  Siege Tank  
  54  10:35  Marine  
  46  10:36  Marauder, Medivac, Viking  
  49  10:47  Viking, Marine x2  
  49  10:49  Hellion  
  50  10:51  Factory Tech Lab  
Tags
 
Add a new tag
Caveats
  • Supply blocks, unpowered buildings, or Contaminate may cause inaccurate times.
  • Supply counts are checked every 10 seconds.